 Dungeon Crawl Stone Soup version 0.21.1-1-g345015f (webtiles) character file.

37 letownia2 the Chiller (level 3, -1/24 HPs)
             Began as a Merfolk Ice Elementalist on Feb 15, 2018.
             Slain by an orc wizard
             ... wielding a +0 dagger of venom
              (2 damage)
             ... on level 3 of the Dungeon.
             The game lasted 00:03:30 (476 turns).

letownia2 the Chiller (Merfolk Ice Elementalist)     Turns: 476, Time: 00:03:30

Health: -1/24      AC:  2    Str:  5 (8)  XL:     3   Next: 41%
Magic:  5/6        EV: 13    Int: 19 (20) God:
Gold:   73         SH:  0    Dex: 13 (14) Spells: 0/6 levels left

rFire    + . .     SeeInvis .   i - +0 whip (elec)
rCold    . . .     Gourm    .   (no shield)
rNeg     . . .     Faith    .   a - +0 robe
rPois    .         Spirit   .   (no helmet)
rElec    .         Reflect  .   (no cloak)
rCorr    .         Harm     .   (no gloves)
MR       .....                  (no boots)
Stlth    +.........             (no amulet)
HPRegen  0.08/turn              d - ring of protection from fire
MPRegen  0.10/turn              (no ring)

@: confused, brilliant, lethally poisoned (-1 -> -9)
A: change form in water, swift swim, stealthy swim
a: no special abilities


You were on level 3 of the Dungeon.
You were not hungry.

You visited 1 branch of the dungeon, and saw 3 of its levels.

You collected 73 gold pieces.

Inventory:

Hand Weapons
 f - a +0 dagger
 i - a +0 whip of electrocution (weapon)
Armour
 a - a +0 robe (worn)
Jewellery
 d - a ring of protection from fire (left hand)
Scrolls
 e - 2 scrolls of enchant armour {unknown}
 j - a scroll of remove curse {unknown}
 k - a scroll of identify {unknown}
Potions
 m - a potion of curing {unknown}
Books
 b - a book of Frost

   Spells                             Type                      Level
   a - Freeze                         Ice                          1
   b - Throw Frost                    Conjuration/Ice              2
   c - Ozocubu's Armour               Charms/Ice                   3
   d - Throw Icicle                   Conjuration/Ice              4
   e - Summon Ice Beast               Ice/Summoning                4
Comestibles
 c - 6 rations
 l - 2 chunks of flesh


   Skills:
 - Level 2.6 Dodging
 - Level 2.1 Stealth
 - Level 2.0 Spellcasting
 + Level 0.7 Conjurations
 + Level 0.0 Charms
 + Level 4.8 Ice Magic


You couldn't memorise any spells.
You knew the following spells:

 Your Spells              Type           Power        Failure   Level  Hunger
a - Freeze                Ice            ####         1%          1    #......
f - Throw Frost           Conj/Ice       ###...       1%          2    ###....
o - Ozocubu's Armour      Chrm/Ice       ###.....     2%          3    ###....


Dungeon Overview and Level Annotations

Branches:
Dungeon (3/15)

Altars:


Message History

You miss the orc wizard.
The orc wizard is heavily wounded.
The orc hits you from afar with a trident.
The orc wizard casts a spell at you. The magic dart hits you!
* * * LOW HITPOINT WARNING * * *
It was a potion of brilliance.
You feel clever all of a sudden.
The orc hits you from afar with a trident.
* * * LOW HITPOINT WARNING * * *
The orc wizard hits you with a dagger of venom.
* * * LOW HITPOINT WARNING * * *
You are lethally poisoned!
It was a potion of degeneration.
There was something very wrong with that liquid.
You feel weakened.
You feel dopey.
You feel clumsy.
* * * LOW HITPOINT WARNING * * *
You feel sick. The orc misses you.
The orc wizard hits you with a dagger of venom.
You die...

######
#.........#
#.........#
#.........#
#.........#
###.........#
#...#########
### #...# ..#
###...# ..#
#o@..(# ..#
#.#...# ..#
#o##### ..#
.. ..# ...
..# .... ..#
..... ..#
...... ..#


You could see an orc wizard and an orc.

Vanquished Creatures
  A dart slug (D:1)
  2 leopard geckos
  An orc (D:3)
  3 bats
  A giant cockroach (D:3)
  5 goblins
  A hobgoblin (D:2)
  4 jackals (D:3)
  3 kobolds
  2 frilled lizards
  5 rats
28 creatures vanquished.

Notes
Turn   | Place    | Note
-------+----------+-------------------------------------------
     0 | D:1      | letownia2 the Merfolk Ice Elementalist began the quest for the Orb.
     0 | D:1      | Reached XP level 1. HP: 13/13 MP: 3/3
    72 | D:1      | Reached XP level 2. HP: 18/19 MP: 0/5
    94 | D:1      | Reached skill level 4 in Ice Magic
   336 | D:3      | Reached XP level 3. HP: 18/24 MP: 6/6
   344 | D:3      | Learned a level 3 spell: Ozocubu's Armour
   370 | D:3      | Learned a level 2 spell: Throw Frost
   476 | D:3      | HP: 1/24 [poisoned by an orc wizard]
   476 | D:3      | Slain by an orc wizard

Skill      XL: |  1  2 |
---------------+-------+-----
Ice Magic      | 4 |  4.8
Dodging        | |  2.6
Stealth        | |  2.1
Spellcasting   | |  2.0
Conjurations   | |  0.7

Action                   || total
-------------------------++-------
Melee: Unarmed           ||     1
       Dagger            ||    19
       Whip              ||    32
 Cast: Freeze            ||    14
       Throw Frost       ||     2
       Ozocubu's Armour  ||     1
  Use: Potion            ||     2
 Stab: Sleeping          ||     1
Armor: Robe              ||     9
Dodge: Dodged            ||    51
